 Dungeon Crawl Stone Soup version 0.21.1-1-g345015f (webtiles) character file.

9 Lunabell the Cudgeler (level 2, -2/46 HPs)
             Began as a Naga Berserker on May 7, 2018.
             Was a Follower of Trog.
             Slain by a goblin
             ... wielding a +0 dagger
              (3 damage)
             ... on level 1 of the Dungeon.
             The game lasted 00:05:46 (527 turns).

Lunabell the Cudgeler (Naga Berserker)               Turns: 527, Time: 00:05:47

Health: -2/46      AC:  2    Str: 24    XL:     2   Next: 16%
Magic:  2/2        EV: 10    Int:  7    God:    Trog [*.....]
Gold:   17         SH:  0    Dex: 10    Spells: 1/1 levels left

rFire    . . .     SeeInvis +   a - +0 mace
rCold    . . .     Gourm    .   (no shield)
rNeg     . . .     Faith    .   b - +0 animal skin
rPois    +         Spirit   .   (no helmet)
rElec    .         Reflect  .   (no cloak)
rCorr    .         Harm     .   (no gloves)
MR       .....                  (no barding)
Stlth    ..........             (no amulet)
HPRegen  0.15/turn              (no ring)
MPRegen  0.08/turn              (no ring)

@: berserking, quick
A: large, rugged brown scales 1, see invisible, deformed body, poison
resistance, robust 1, slowness 2, slow metabolism 1, spit poison 1, AC +0
a: Spit Poison, Berserk, Burn Spellbooks, Renounce Religion


You were on level 1 of the Dungeon.
You worshipped Trog.
Trog was aware of your devotion.
You were not hungry.

You visited 1 branch of the dungeon, and saw 1 of its levels.

You collected 17 gold pieces.

Inventory:

Hand Weapons
 a - a +0 mace (weapon)
Armour
 b - a +0 animal skin (worn)
Potions
 e - a potion of mutation
Comestibles
 c - 2 rations


   Skills:
 + Level 3.1 Fighting
 + Level 3.2 Maces & Flails
 + Level 1.7 Armour
 + Level 1.7 Dodging


You had one spell level left.
You didn't know any spells.

Dungeon Overview and Level Annotations

Branches:
Dungeon (1/15)

Altars:


Innate Abilities, Weirdness & Mutations

You cannot wear boots.
Your serpentine skin is tough. (AC +0)
You have supernaturally acute eyesight. (SInv)
Armour fits poorly on your strangely shaped body.
Your system is resistant to poisons. (rPois)
You cover ground very slowly.
You have a slow metabolism.
You can spit poison.
You are partially covered in rugged brown scales. (AC +1, +3% HP)
You are robust. (+10% HP)


Message History

The bat closely misses you. The goblin closely misses you.
The goblin hits you with a dagger.
* * * LOW HITPOINT WARNING * * *
You closely miss the goblin. The bat hits you but does no damage.
The goblin barely misses you.
You closely miss the goblin. The bat hits you but does no damage.
The goblin barely misses you. The goblin closely misses you.
You hit the goblin.
The goblin is heavily wounded.
The bat closely misses you. The bat hits you but does no damage.
The goblin hits you but does no damage. The bat hits you.
* * * LOW HITPOINT WARNING * * *
A red film seems to cover your vision as you go berserk!
You feel yourself moving faster!
You feel mighty!
You feel a lot more hungry. The bat misses you. The goblin closely misses you.
You miss the goblin.
The goblin is heavily wounded.
The bat hits you but does no damage. The bat barely misses you.
The goblin hits you with a dagger.
You die...

*,*,*,*,,,,,,,* *,,,,,* *,
*,*,*,,,,,,,,,* *,***** *,
#.#.***,,,,**** *,* *, #...*
*,,,,* ###**,* *, ###.####******
#..,,,* *,
.......##########.#**** *,
.#.#.#..........#.# *,
........#######.#b##### *,
.#.#.#..# #.##.@g....## **,
.......#####.....##.#..# *,,
.#.#.#.......#####.....# **,*
.......#####.....#.....### *,,*
.#.#.#.......###)#?......#####.#*
[......####### #.#....##.†.....#
####.### #.########.###### ###
#.......#..# #######.#.##


You could see a goblin and a bat.

Vanquished Creatures
  A giant cockroach (D:1)
  2 goblins (D:1)
  A hobgoblin (D:1)
  2 bats (D:1)
  A frilled lizard (D:1)
  2 kobolds (D:1)
  2 rats (D:1)
11 creatures vanquished.

Notes
Turn   | Place    | Note
-------+----------+-------------------------------------------
     0 | D:1      | Lunabell the Naga Berserker began the quest for the Orb.
     0 | D:1      | Reached XP level 1. HP: 21/21 MP: 1/1
   384 | D:1      | Reached XP level 2. HP: 26/28 MP: 2/2
   514 | D:1      | Gained mutation: You are partially covered in rugged brown scales. (AC +1, +3% HP) [potion of mutation]
   514 | D:1      | Gained mutation: You are robust. (+10% HP) [potion of mutation]
   520 | D:1      | HP: 1/31 [goblin/dagger (1)]
   525 | D:1      | HP: 1/31 [bat (1)]
   527 | D:1      | Slain by a goblin

Action                   || total
-------------------------++-------
Melee: Mace              ||    33
Invok: Berserk           ||     2
 Abil: Spit Poison       ||     2
  Use: Scroll            ||     1
       Potion            ||     1
Armor: Animal skin       ||    30
Dodge: Dodged            ||    86
